 Dungeon Sprint DCSS version 0.30-a0-322-g102857c98e (webtiles) character file.

Game seed: 3347180314701549317

19175 rocky1 the Fencer (level 12, -17/108 HPs)
             Began as a Merfolk Gladiator on Oct 28, 2022.
             Was an Initiate of Gozag.
             Demolished by an orc knight
             ... wielding a +1 vorpal great mace
              (19 damage)
             ... in the Dungeon (Sprint VII: "The Pits").
             The game lasted 00:16:48 (3859 turns).

rocky1 the Fencer (Merfolk Gladiator)               Turns: 3859, Time: 00:16:49

Health: -17/108    AC: 25    Str: 14    XL:     12   Next: 66%
Magic:  12/12      EV: 17    Int: 10    God:    Gozag
Gold:   5302       SH:  0    Dex: 18    Spells: 11/11 levels left

rFire   . . .      SeeInvis .    a - +2 scimitar (flame)
rCold   . . .      Faith    .    (no shield)
rNeg    . . .      Spirit   .    o - +3 chain mail
rPois   .          Reflect  .    c - +0 helmet
rElec   .          Harm     .    x - +2 cloak
rCorr   .          Rampage  .    v - +0 pair of gloves
Will    .....      NoTele   +    w - +0 pair of boots
Stlth   +++.......               (no amulet)
HPRegen 0.38/turn                s - +3 ring of protection
MPRegen 0.13/turn                r - +3 ring of evasion

@: gold aura
A: (nimble swimmer 2), mertail
a: Renounce Religion, Potion Petition, Call Merchant, Bribe Branch


You were in the Dungeon.
You worshipped Gozag.
Gozag was greatly pleased with you.
You visited 1 branch You collected 8225 gold pieces.
You spent 485 gold pieces at shops.
You paid 2438 gold pieces to Gozag.

Inventory:

Hand Weapons
 a - a +2 scimitar of flaming (weapon)
 b - the +6 shortbow "Hemuma" {drain, Str+4}
   (You bought it in a shop in the Dungeon)

   A truly terrible weapon, it drains the life of any living foe it strikes.
   Str:       It affects your strength (+4).
 g - a +1 long sword of holy wrath
 q - a +1 arbalest of electrocution
 G - the +6 shortbow of Ikluint {flame, Int+6}
   (You found it in the Dungeon)

   Any ammunition fired from it burns those it strikes, dealing additional fire
   damage.
   Int:       It affects your intelligence (+6).
 H - the +6 long sword of Disintegration {holy, rPois Str+4 Dex+5}
   (You found it in the Dungeon)

   It has been blessed by the Shining One to cause great damage to the undead
   and demons.
   Str:       It affects your strength (+4).
   Dex:       It affects your dexterity (+5).
   rPois:     It protects you from poison.
Missiles
 e - a javelin (quivered)
Armour
 c - a +0 helmet (worn)
 o - a +3 chain mail (worn)
 v - a +0 pair of gloves (worn)
 w - a +0 pair of boots (worn)
 x - a +2 cloak (worn)
 K - a scarf of invisibility
Jewellery
 r - a +3 ring of evasion (right hand)
 s - a +3 ring of protection (left hand)
 E - a ring of willpower
 F - a ring of see invisible
 I - a ring of willpower
Wands
 p - a wand of charming (5)
Scrolls
 j - 6 scrolls of enchant weapon
 k - 2 scrolls of enchant armour
 m - 5 scrolls of amnesia
 n - 2 scrolls of fog
 y - a scroll of fear
 B - a scroll of blinking
 D - a scroll of identify
Potions
 d - 2 potions of heal wounds
 f - 11 potions of curing
 h - 3 potions of haste
 i - 4 potions of magic
 l - 2 potions of invisibility
 t - 3 potions of resistance
 u - a potion of might
 z - a potion of ambrosia {unknown}
 A - 2 potions of brilliance
 C - 2 potions of berserk rage
 J - a potion of mutation


   Skills:
 - Level 14.6 Fighting
 + Level 19.1 Long Blades
 + Level 9.9 Ranged Weapons
 - Level 3.7 Throwing
 - Level 9.7 Armour
 - Level 18.4 Dodging
 - Level 13.9 Stealth
 + Level 1.4 Evocations


You had 11 spell levels left.
You didn't know any spells.
Your spell library was empty.

Dungeon Overview and Level Annotations

Branches:
Dungeon (1/1)

Altars:
Ashenzari
Cheibriados
Dithmenos
Elyvilon
Fedhas
Gozag
Hepliaklqana
Kikubaaqudgha
Makhleb
Nemelex Xobeh
Okawaru
Qazlal
Ru
Sif Muna
Trog
Uskayaw
Vehumet
Wu Jian
Xom
Yredelemnul
Zin
The Shining One
Jiyva
Lugonu

Shops:
D (*


Innate Abilities, Weirdness & Mutations

((You are very nimble when in or above water. (Stealth+, EV+, Speed+++)))
Your lower body shifts to a powerful aquatic tail in water.


Message History

You slice the elephant!! You burn the elephant! You punch the elephant.
The elephant is almost dead.
The orc knight misses you. The elephant misses you.
The elephant trunk-slaps you but does no damage.
You slash the elephant! You burn the elephant.
You kill the elephant!
Your Evocations skill increases to level 1!
You slash the orc knight! You burn the orc knight.
The orc knight is moderately wounded.
The orc knight roars a battlecry!
The orc knight goes into a battle-frenzy!
You barely miss the orc knight.
The orc knight is moderately wounded.
The orc knight barely misses you.
You closely miss the orc knight.
The orc knight is moderately wounded.
The orc knight hits you with a +3 great sword!!!
The orc knight hits you with a +1 vorpal great mace.
You slice the orc knight!! You burn the orc knight.
The orc knight is severely wounded.
You barely miss the orc knight.
The orc knight is severely wounded.
The orc knight hits you with a +1 vorpal great mace!!
The orc knight hits you with a +3 great sword!!
* * * LOW HITPOINT WARNING * * *
You are too injured to fight recklessly!
You are too injured to fight recklessly!
Unknown command.
You feel much better.
The orc knight hits you with a +1 vorpal great mace!
* * * LOW HITPOINT WARNING * * *
x2 The orc knight hits you with a +3 great sword!!
* * * LOW HITPOINT WARNING * * *
Unknown command.
You feel much better.
The orc knight hits you with a +3 great sword!!
* * * LOW HITPOINT WARNING * * *
The orc knight hits you with a +1 vorpal great mace!!
You die...
Your body crumbles into a pile of gold.

#++#################
#...o..)............
#..@o.........∩.....
#..##############o'#
#..# ... #..# ...
##### #..# .Y# ##..#
#..# ... ##..# #..#


ooo ''..# #..# ooo '').##########..# You could see 2 orc knights.

Vanquished Creatures
  A catoblepas (D)
  4 two-headed ogres (D)
  Erica (D)
  A centaur warrior (D)
  A death yak (D)
  An orc high priest (D)
  A deep troll (D)
  3 flayed ghosts (D)
  A lindwurm (D)
  An orc knight (D)
  A phantasmal warrior (D)
  A deep elf pyromancer (D)
  A wolf spider (D)
  An elephant (D)
  Maurice (D)
  3 gargoyles (D)
  An orange demon (D)
  A guardian serpent (shapeshifter) (D)
  A cane toad (D)
  Psyche (D)
  An unseen horror (D)
  2 ice devils (D)
  A red devil (D)
  An efreet (D)
  Grinder (D)
  A blink frog (D)
  Prince Ribbit (D)
  2 snapping turtles (D)
  2 flying skulls (D)
  2 shadows (D)
  A redback (D)
  5 yaks (D)
  3 vampire mosquitoes (D)
  A warg (D)
  An acid dragon (D)
  A water moccasin (D)
  A floating eye (D)
  A sky beast (D)
  3 orc warriors (D)
  3 wolves (D)
  A centaur (D)
  2 ogres (D)
  A phantom (D)
  A necrophage (D)
  2 scorpions (D)
  3 killer bees (D)
  2 jellies (D)
  A hound (D)
  A quasit (D)
  2 orc priests (D)
  An iguana (D)
  An orc wizard (D)
  2 gnolls (D)
  3 adders (D)
  2 worms (D)
  7 orcs (D)
  3 endoplasms (D)
  A giant cockroach (D)
  5 jackals (D)
  A quokka (D)
  A ball python (D)
  A bat (D)
  A frilled lizard (D)
106 creatures vanquished.

Vanquished Creatures (collateral kills)
  An ogre mage (D)
  A vampire mosquito (D)
2 creatures vanquished.

Vanquished Creatures (others)
  A shadow wraith (D)
  An unseen horror (D)
  A centaur (D)
3 creatures vanquished.

Grand Total: 111 creatures vanquished

Notes
Turn   | Place    | Note
-------+----------+-------------------------------------------
     0 | D        | rocky1 the Merfolk Gladiator began the quest for the Orb.
     0 | D        | Reached XP level 1. HP: 16/16 MP: 1/1
    16 | D        | Reached skill level 4 in Long Blades
    16 | D        | Reached skill level 5 in Dodging
    16 | D        | Reached XP level 2. HP: 23/23 MP: 2/2
    20 | D        | Found a bloodstained altar of Trog.
    20 | D        | Found a shimmering blue altar of Sif Muna.
    20 | D        | Found a viscous altar of Jiyva.
    20 | D        | Found a hazy altar of Hepliaklqana.
    20 | D        | Found an opulent altar of Gozag.
    21 | D        | Found a glowing golden altar of the Shining One.
    21 | D        | Found a glowing silver altar of Zin.
    21 | D        | Found a basalt altar of Yredelemnul.
    21 | D        | Found a shimmering altar of Xom.
    21 | D        | Found an ornate altar of the Wu Jian Council.
    21 | D        | Found a sacrificial altar of Ru.
    21 | D        | Found a stormy altar of Qazlal.
    21 | D        | Found an iron altar of Okawaru.
    21 | D        | Found a sparkling altar of Nemelex Xobeh.
    21 | D        | Found a burning altar of Makhleb.
    21 | D        | Found a blossoming altar of Fedhas.
    21 | D        | Found a white marble altar of Elyvilon.
    21 | D        | Found a shadowy altar of Dithmenos.
    21 | D        | Found a snail-covered altar of Cheibriados.
    23 | D        | Found a radiant altar of Vehumet.
    23 | D        | Found a corrupted altar of Lugonu.
    24 | D        | Found a hide-covered altar of Uskayaw.
    24 | D        | Found an ancient bone altar of Kikubaaqudgha.
    24 | D        | Found a broken altar of Ashenzari.
    28 | D        | Became a worshipper of Gozag Ym Sagoz the Greedy
    77 | D        | Reached skill level 5 in Long Blades
    84 | D        | Noticed a scorpion
   101 | D        | Killed a scorpion
   102 | D        | Reached skill level 7 in Long Blades
   102 | D        | Reached XP level 3. HP: 17/30 MP: 3/3
   102 | D        | Reached XP level 4. HP: 20/37 MP: 4/4
   389 | D        | Noticed a scorpion
   395 | D        | Killed a scorpion
   396 | D        | Reached skill level 8 in Long Blades
   396 | D        | Reached XP level 5. HP: 43/43 MP: 5/5
   499 | D        | Noticed a floating eye
   501 | D        | Noticed Prince Ribbit
   504 | D        | Paralysed by a floating eye for 3 turns
   510 | D        | Killed a floating eye
   511 | D        | Reached skill level 5 in Fighting
   511 | D        | Reached skill level 10 in Long Blades
   511 | D        | Reached skill level 1 in Armour
   511 | D        | Reached skill level 1 in Stealth
   511 | D        | Reached XP level 6. HP: 10/51 MP: 6/6
   517 | D        | HP: 1/76 [gnoll/+0 flail (7)]
   520 | D        | Killed Prince Ribbit
   521 | D        | Reached skill level 12 in Long Blades
   521 | D        | Reached skill level 10 in Dodging
   527 | D        | Reached XP level 7. HP: 3/59 MP: 7/7
   893 | D        | Reached skill level 13 in Long Blades
   996 | D        | Noticed a blink frog
  1008 | D        | Killed a blink frog
  1046 | D        | Bought a dazzling shortbow for 176 gold pieces
  1046 | D        | Identified the +6 shortbow "Hemuma" {drain, Str+4} (You
                  | bought it in a shop in the Dungeon)
  1046 | D        | Bought a glowing arbalest for 165 gold pieces
  1050 | D        | Noticed Grinder
  1056 | D        | Reached XP level 8. HP: 65/68 MP: 8/8
  1057 | D        | Reached skill level 14 in Long Blades
  1071 | D        | Killed Grinder
  1072 | D        | Reached skill level 1 in Ranged Weapons
  1179 | D        | Noticed a shadow
  1204 | D        | Killed a shadow
  1322 | D        | Noticed a flayed ghost
  1322 | D        | Noticed Maurice
  1336 | D        | Killed a flayed ghost
  1337 | D        | Reached skill level 5 in Stealth
  1337 | D        | Reached XP level 9. HP: 66/76 MP: 9/9
  1383 | D        | Killed Maurice
  1384 | D        | Reached skill level 15 in Long Blades
  1384 | D        | Reached skill level 5 in Armour
  1440 | D        | Noticed a gargoyle
  1449 | D        | Killed a gargoyle
  1533 | D        | Noticed a cane toad
  1538 | D        | Killed a cane toad
  1539 | D        | Reached skill level 10 in Fighting
  1672 | D        | Noticed an orc knight
  1678 | D        | Reached skill level 5 in Ranged Weapons
  1690 | D        | Killed an orc knight
  1691 | D        | Reached XP level 10. HP: 63/86 MP: 10/10
  1699 | D        | Killed an unseen horror
  1702 | D        | Reached skill level 16 in Long Blades
  1750 | D        | Noticed a guardian serpent
  1759 | D        | Killed a guardian serpent
  1772 | D        | Reached skill level 15 in Dodging
  1980 | D        | Noticed Erica
  1999 | D        | Killed Erica
  2214 | D        | Noticed a lindwurm
  2215 | D        | Noticed Psyche
  2217 | D        | Reached skill level 10 in Stealth
  2217 | D        | Noticed an orange demon
  2223 | D        | Killed Psyche
  2224 | D        | Reached XP level 11. HP: 84/95 MP: 11/11
  2238 | D        | Killed a lindwurm
  2343 | D        | Noticed a wolf spider
  2358 | D        | Killed a wolf spider
  2359 | D        | Reached skill level 17 in Long Blades
  2453 | D        | Noticed a deep elf pyromancer
  2469 | D        | Killed a shadow wraith
  2469 | D        | HP: 3/96 [fire elemental[a deep elf pyromancer] (5)]
  2473 | D        | Killed a deep elf pyromancer
  2473 | D        | HP: 1/96 [flying skull (4)]
  2601 | D        | Noticed a two-headed ogre
  2618 | D        | Killed a two-headed ogre
  2632 | D        | Noticed a two-headed ogre
  2633 | D        | Noticed a two-headed ogre
  2639 | D        | Noticed a two-headed ogre
  2640 | D        | Noticed a phantasmal warrior
  2641 | D        | Noticed an ogre mage
  2677 | D        | Killed a phantasmal warrior
  2680 | D        | Killed a two-headed ogre
  2694 | D        | Killed an ogre mage
  2707 | D        | Killed a two-headed ogre
  2708 | D        | Reached skill level 18 in Long Blades
  2777 | D        | Killed a two-headed ogre
  2778 | D        | Reached XP level 12. HP: 59/105 MP: 12/12
  3019 | D        | Noticed a death yak
  3020 | D        | Noticed an orc high priest
  3046 | D        | Killed an orc high priest
  3057 | D        | Killed a death yak
  3241 | D        | Got the +6 shortbow of Ikluint {flame, Int+6}
  3244 | D        | Got the +6 long sword of Disintegration {holy, rPois Str+4
                  | Dex+5}
  3441 | D        | Noticed a catoblepas
  3466 | D        | Killed a catoblepas
  3597 | D        | Noticed a centaur warrior
  3614 | D        | Killed a centaur warrior
  3784 | D        | Reached skill level 19 in Long Blades
  3826 | D        | Bought a scarf of invisibility for 144 gold pieces
  3832 | D        | Noticed an orc warlord
  3833 | D        | Noticed an orc warlord
  3853 | D        | Reached skill level 1 in Evocations
  3859 | D        | HP: 2/108 [orc knight/+3 great sword (29)]
  3859 | D        | Demolished by an orc knight

Illustrated notes

Levels and vault maps discovered:
D:        pitsprint [storerooms_1, entrance_room_1, metal_vault_8, armoury_2,
          mini_pit_1, grid_room_1, main_hall_1, silver_pit, the_coven_1,
          the_vestibule_1, steel_vault_4, golden_pit, hallway_of_sentries,
          crystal_vault_3, iron_vault_5, final_vault]

Skill      XL: |  1  2  3  4  5  6  7  8  9 10 11 12 |
---------------+-------------------------------------+-----
Long Blades    | 4 7 8 10 12 13 14 15 16 18 19 | 19.1
Dodging        | 5 7 8 9 10 11 12 14 15 17 18 | 18.4
Fighting       | 4 5 6 7 9 10 11 13 14 | 14.6
Throwing       | 3 |  3.7
Armour         | 1 2 3 4 6 7 8 9 |  9.7
Stealth        | 1 2 5 8 10 12 13 | 13.9
Ranged Weapons | 3 5 6 8 9 |  9.9
Evocations     | 1 |  1.4

Action                   |  1- 3 |  4- 6 |  7- 9 | 10-12 || total
-------------------------+-------+-------+-------+-------++-------
Melee: Long sword        |    27 |    23 |    94 |    55 ||   199
       Punch             |       |       |     2 |     7 ||     9
       Scimitar          |       |       |    45 |   266 ||   311
 Fire: Shortbow          |       |       |    10 |    28 ||    38
Throw: Throwing net      |     2 |     1 |       |       ||     3
       Javelin           |       |     1 |       |       ||     1
Invok: Call Merchant     |       |       |     1 |     1 ||     2
       Potion Petition   |       |       |     1 |     2 ||     3
  Use: Potion            |       |     2 |     1 |    10 ||    13
       Scroll            |       |       |       |     2 ||     2
 Stab: Invisible         |       |       |     1 |     2 ||     3
       Distracted        |       |       |       |     2 ||     2
Armor: Leather armour    |     5 |     2 |       |       ||     7
       Chain mail        |       |       |    56 |   145 ||   201
Dodge: Dodged            |    23 |    12 |    38 |   218 ||   291

Table legend: (Time is in decaauts)
 A = Elapsed time spent in this place.
 B = Non-inter-level travel time spent in this place.
 C = Inter-level travel time spent in this place.
 D = Time resting spent in this place.
 E = Time spent auto-exploring this place.
 F = Levels seen in this place.
 G = Mean time per level.
                   A        B        C        D        E       F      G
               +--------+--------+--------+--------+--------+-----+--------+
         Total |   3751 |   3692 |     59 |   2181 |      0 |   1 | 3751.0 |
       Dungeon |   3751 |   3692 |     59 |   2181 |      0 |   1 | 3751.0 |
               +--------+--------+--------+--------+--------+-----+--------+

Top non-repeatable levels by time:
       D: 3751 daAuts
